 Dungeon Crawl Stone Soup version 0.29-a0-620-g13ace881f2 (webtiles) character file.

Game seed: 2544674509096927135

234 xian the Conjurer (level 6, -12/33 HPs)
             Began as a Tengu Conjurer on June 19, 2022.
             Killed by an exploding quokka (42 damage)
             ... ignited by their inner flame
             ... on level 4 of the Dungeon.
             The game lasted 00:06:52 (3607 turns).

xian the Conjurer (Tengu Conjurer)                  Turns: 3607, Time: 00:06:55

Health: -12/33     AC:  9    Str:  7    XL:     6   Next: 5%
Magic:  11/11      EV: 12    Int: 22    God:
Gold:   216        SH:  0    Dex: 13    Spells: 8/11 levels left

rFire   . . .      SeeInvis +   a - +2 dagger (venom)
rCold   + . .      Faith    .   (no shield)
rNeg    . . .      Spirit   .   e - +1 ring mail "Omevusot" {*Slow rPois Will++ Int+2}
rPois   +          Reflect  .   (helmet restricted)
rElec   .          Harm     .   q - +2 cloak
rCorr   .          Rampage  .   (no gloves)
Will    ++...                   (boots unavailable)
Stlth   +.........              (no amulet)
HPRegen 0.11/turn               p - ring of see invisible
MPRegen 0.12/turn               m - ring of protection from cold

@: flying quickly and evasively, quick
A: beak, talons 3, nimble flight
a: no special abilities


You were on level 4 of the Dungeon.
You visited 1 branch of the dungeon, and saw 4 of its levels.

You collected 216 gold pieces.

Inventory:

Hand Weapons
 a - a +2 dagger of venom (weapon)
Armour
 e - the +1 ring mail "Omevusot" (worn) {*Slow rPois Will++ Int+2}
   (You found it on level 3 of the Dungeon)

   Int:       It affects your intelligence (+2).
   rPois:     It protects you from poison.
   *Slow:     It may slow you when you take damage.
   Will:      It greatly increases your willpower.
 q - a +2 cloak (worn)
Jewellery
 h - a ring of protection from fire
 m - a ring of protection from cold (right hand)
 p - a ring of see invisible (left hand)
Wands
 l - a wand of flame (21)
Scrolls
 d - 2 scrolls of teleportation
 f - 3 scrolls of fear
 o - 2 scrolls of enchant armour
Potions
 b - a potion of magic
 c - 3 potions of curing
 g - a potion of attraction
 i - a potion of might {unknown}
 k - a potion of haste
 n - a potion of brilliance {unknown}


   Skills:
 + Level 0.4 Fighting
 + Level 0.4 Maces & Flails
 + Level 2.4 Armour
 + Level 2.8 Dodging
 + Level 2.5 Stealth
 + Level 3.2 Spellcasting
 + Level 7.0 Conjurations


You had 8 spell levels left.
You knew the following spells:

 Your Spells              Type           Power      Damage    Failure   Level
a - Magic Dart            Conj           100%       1d8       2%          1
b - Searing Ray           Conj           68%        2d6       3%          2

Your spell library contained the following spells:

 Spells                   Type           Power      Damage    Failure   Level
 Shock                    Conj/Air       76%        1d7       10%         1
 Static Discharge         Conj/Air       19%        N/A       14%         2
 Dazzling Flash           Conj/Hex       38%        N/A       28%         3
 Fulminant Prism          Conj/Hex       9%         3d7       67%         4
 Iskenderun's Mystic Bla  Conj/Tloc      19%        2d6       67%         4
 Sticky Flame             Conj/Fire      19%        2d4       67%         4
 Swiftness                Air            3%         N/A       77%         3
 Lightning Bolt           Conj/Air       9%         1d22      95%         5
 Airstrike                Air            1%         N/A       99%         4
 Dispel Undead            Necr           3%         3d7       99%         4
 Maxwell's Capacitive Co  Air            1%         ∞         100%        8


Dungeon Overview and Level Annotations

Branches:
Dungeon (4/15)
 Temple: D:4-7

Altars:
Vehumet

Shops:
D:4 [


Innate Abilities, Weirdness & Mutations

You have a beak for a mouth.
You have claws for feet.
Your magical nature lets you fly swiftly and evasively.


Message History

Confirm with . or Enter, or press ? or * to list all spells.
Aiming: Searing Ray (safe; 3% risk of failure)
Press: ? - help, Shift-Dir - straight line The searing ray hits the orc!
You kill the orc! (Press . to maintain the ray.) Unknown command.
Your magical contamination has completely faded away.
A goblin comes into view. It is wielding a +0 club.
Items here: ! $ )) ? ††.
Found a stone staircase leading up.
The magic dart hits the goblin.
The goblin is moderately wounded.
The goblin shouts!
The magic dart hits the goblin.
You kill the goblin!
You can't see any susceptible monsters within range! (Use Z to cast anyway.)
Found a pair of gloves.
i - a brown potion;
j - a scroll labelled DALUMI YJ TAE You now have 216 gold pieces (gained 17).
Items here: )) ††.
You see here a +0 pair of gloves.
A quokka comes into view.
As you read the scroll labelled DALUMI YJ TAE, it crumbles to dust.
The creatures around you are filled with an inner flame!
It was a scroll of immolation.
Unknown command.
A quokka is nearby!
There is a stone staircase leading down here.
You closely miss the quokka. Your peck misses the quokka. The quokka bites you.
The quokka closely misses you. The quokka attacks as you move away!
The quokka barely misses you.
You closely miss the quokka.
Flame seeps out of the quokka.
You claw the quokka. Your peck misses the quokka.
The quokka is almost dead.
The quokka is engulfed in blazing flames.
The quokka explodes!
The fiery explosion engulfs you!!!
Ouch! That really hurt!
You die...

##### #...# #.#.#
#.#.#
#################.#.##
#....@○§>.............
#.######.##########.##
#.##..†.............#
##....#...############
#.........#
#.######..# ### ####
#.# #..# .... <... #.#
#..## .... .... #.#
#...+..... ....


There were no monsters in sight!

Vanquished Creatures
  A scorpion (D:4)
  2 orc priests (D:3)
  An orc wizard (D:4)
  2 adders
  A dart slug (D:4)
  2 worms
  11 orcs
  5 ball pythons
  2 endoplasms (D:4)
  3 giant cockroaches
  6 goblins
  5 hobgoblins
  5 quokkas
  6 bats
  A kobold (D:3)
  2 rats
55 creatures vanquished.

Vanquished Creatures (others)
  A plant (D:3)
1 creature vanquished.

Grand Total: 56 creatures vanquished

Notes
Turn   | Place    | Note
-------+----------+-------------------------------------------
     0 | D:1      | xian the Tengu Conjurer began the quest for the Orb.
     0 | D:1      | Reached XP level 1. HP: 10/10 MP: 4/4
   330 | D:1      | Reached XP level 2. HP: 15/15 MP: 4/6
   455 | D:1      | Learned a level 2 spell: Searing Ray
  1104 | D:2      | You fall into a shaft and drop 1 floor!
  1116 | D:3      | Found a faded altar of an unknown god.
  1123 | D:3      | Identified the +1 ring mail "Omevusot" {*Slow rPois Will++
                  | Int+2}
  1385 | D:3      | Reached skill level 6 in Conjurations
  1522 | D:3      | Reached XP level 3. HP: 19/19 MP: 4/7
  2085 | D:3      | Reached XP level 4. HP: 15/24 MP: 3/8
  2086 | D:3      | Reached skill level 1 in Armour
  2835 | D:4      | Gained mutation: Your magical nature lets you fly swiftly
                  | and evasively. [Tengu growth]
  2835 | D:4      | Reached XP level 5. HP: 28/28 MP: 10/10
  2848 | D:4      | Found a radiant altar of Vehumet.
  2952 | D:4      | Found Luiff's Armour Shoppe.
  3297 | D:4      | Reached XP level 6. HP: 33/33 MP: 6/11
  3370 | D:4      | Reached skill level 7 in Conjurations
  3607 | D:4      | Killed by an exploding quokka... ignited by their inner
                  | flame

Illustrated notes

Levels and vault maps discovered:
D:1:      minmay_arrival_semitransparent, layout_basic,
          chequers_serial_rivers_micro_e
D:2:      layout_basic, kennysheep_cross_bottleneck
D:3:      layout_basic, hellmonk_ecumenical_altar_lost_god, serial_bayou_pond_d,
          minivault_23, chequers_avenue, minmay_misc_feat_x,
          grunt_decor_fettered
D:4:      layout_basic, mainiacjoe_overflow_surrounded_room, serial_shops, shop,
          minmay_cut_off, uniq_menkaure

Skill      XL: |  1  2  3  4  5  6 |
---------------+-------------------+-----
Conjurations   | 6 7 |  7.0
Armour         | 1 2 |  2.4
Spellcasting   | 3 |  3.2
Fighting       | |  0.4
Maces & Flails | |  0.4
Dodging        | |  2.8
Stealth        | |  2.5

Action                   |  1- 3 |  4- 6 || total
-------------------------+-------+-------++-------
Melee: Club              |    13 |    18 ||    31
       Kick              |     7 |     7 ||    14
       Unarmed           |     5 |       ||     5
       Peck              |     3 |     2 ||     5
       Dagger            |       |     4 ||     4
 Cast: Magic Dart        |    47 |    25 ||    72
       Searing Ray       |     1 |     6 ||     7
  Use: Scroll            |     8 |     1 ||     9
Armor: Ring mail         |     8 |    13 ||    21
Dodge: Dodged            |    14 |    28 ||    42

Table legend: (Time is in decaauts)
 A = Elapsed time spent in this place.
 B = Non-inter-level travel time spent in this place.
 C = Inter-level travel time spent in this place.
 D = Time resting spent in this place.
 E = Time spent auto-exploring this place.
 F = Levels seen in this place.
 G = Mean time per level.
                   A        B        C        D        E       F      G
               +--------+--------+--------+--------+--------+-----+--------+
         Total |   3576 |   3498 |     78 |      0 |   3030 |   4 |  894.0 |
       Dungeon |   3576 |   3498 |     78 |      0 |   3030 |   4 |  894.0 |
               +--------+--------+--------+--------+--------+-----+--------+

Top non-repeatable levels by time:
     D:3: 1636 daAuts
     D:4: 837 daAuts
     D:1: 681 daAuts
     D:2: 421 daAuts
